Map: Pilares de oro EE

Players

groverian - Winner!

  • Race: Terran Terran
  • League: Platinum
  • Spawn Location: 7:00

MrFercho

  • Race: Zerg Zerg
  • League: Silver
  • Spawn Location: 1:00

VOD

Have the link to the VOD?

Description

Time

  • Played on: June 30, 2020, 2:33 p.m.
  • Length: 6:55
Show
View Real Time Build Order
Export as new Build Order

groverian Terran - Winner!

Build Orders:  

Get SALT Encoding   

  12  0:01  SCV  
  13  0:14  SCV  
  14  0:21  Supply Depot  
  14  0:26  Refinery  
  14  0:30  SCV  
  15  0:45  Barracks  
  15  1:00  Supply Depot  
  15  1:09  SCV, Refinery  
  16  1:21  SCV  
  17  1:44  Barracks Reactor, Factory  
  17  1:52  Orbital Command  
  17  2:23  Marine  
  17  2:24  Marine  
  17  2:29  Factory Tech Lab  
  19  2:32  Starport  
  19  2:50  Siege Tank  
  22  2:52  Marine  
  22  2:53  Marine  
  24  3:00  Supply Depot  
  24  3:10  Medivac  
  26  3:23  Siege Tank  
  29  3:29  Marine x2  
  31  3:40  Medivac  
  33  3:47  Marine  
  33  3:48  Marine  
  35  4:06  Cyclone  
  38  4:23  Marine  
  39  4:29  Marine  
  40  4:38  Cyclone  
  43  4:41  Marine  
  44  4:47  Marine  
  45  4:59  Marine  
  46  5:04  Marine  
  42  5:16  Marine  
  42  5:22  Marine  
  40  6:10  Siege Tank  
Show
View Real Time Build Order
Export as new Build Order

MrFercho Zerg 

Build Orders: Hatch First 

Get SALT Encoding   

  12  0:01  Drone  
  13  0:20  Overlord  
  13  0:21  Drone  
  14  0:38  Drone x2  
  16  0:57  Drone  
  16  0:58  Drone  
  16  1:02  Hatchery  
  16  1:03  Drone  
  18  1:22  Spawning Pool  
  18  1:23  Drone  
  18  1:25  Drone  
  19  1:31  Extractor  
  18  1:35  Drone  
  19  1:46  Overlord  
  19  1:57  Drone  
  20  2:09  Drone  
  20  2:10  Queen  
  20  2:15  Queen  
  25  2:18  Drone  
  25  2:19  Drone  
  27  2:27  Drone  
  27  2:29  Drone  
  29  2:43  Drone x2  
  31  2:48  Lair  
  31  2:53  Queen  
  31  2:55  Drone x2  
  35  3:06  Drone  
  35  3:08  Roach Warren  
  35  3:11  Drone  
  36  3:19  Overlord x2  
  36  3:50  Extractor  
  36  3:53  Extractor  
  34  3:58  Roach  
  34  3:59  Evolution Chamber, Roach x8  
  51  4:14  Drone  
  51  4:15  Overlord x2  
  52  4:34  Drone x4  
  56  4:45  Glial Reconstitution  
  56  4:49  Drone  
  56  4:51  Roach  
  59  4:59  Roach x3  
  56  5:00  Roach  
  37  5:26  Roach  
  37  5:27  Roach x5  
  39  5:44  Hydralisk Den  
  36  5:52  Zergling x10  
  31  6:09  Roach  
  31  6:10  Roach  
  27  6:20  Hydralisk  
  28  6:28  Hydralisk  
Tags
 
Matchup
TvZ
Replay Pack
MrFercho
Spawn Locations
Cross Positions
Add a new tag
Caveats
  • Supply blocks, unpowered buildings, or Contaminate may cause inaccurate times.
  • Supply counts are checked every 10 seconds.